Map: [ESL] Moondance

Players

Bunny

  • Race: Terran Terran
  • Spawn Location: 6:00

ByuN - Winner!

  • Race: Terran Terran
  • Spawn Location: 12:00

Event: DreamHack SC2 Masters 2022 Valencia

VOD

Have the link to the VOD?

Description

Time

  • Played on: July 2, 2022, 6:21 a.m.
  • Length: 21:49

All games in this series

Show
View Real Time Build Order
Export as new Build Order

Bunny Terran 

Build Orders:  

Get SALT Encoding   

  12  0:00  SCV  
  13  0:12  SCV  
  14  0:17  Supply Depot  
  14  0:24  SCV  
  15  0:38  SCV  
  15  0:40  Barracks  
  16  0:42  Refinery  
  16  0:50  SCV  
  16  0:52  Refinery  
  17  1:03  SCV  
  18  1:15  SCV  
  19  1:27  Orbital Command  
  19  1:28  Reaper  
  19  1:32  Supply Depot  
  20  1:40  Factory  
  20  1:52  SCV  
  21  2:00  Reaper  
  22  2:04  SCV  
  23  2:17  SCV  
  23  2:27  Hellion  
  24  2:30  SCV  
  24  2:32  Marine  
  21  2:48  Hellion, SCV  
  22  2:59  Command Center  
  22  3:00  SCV  
  22  3:02  Marine  
  24  3:10  Hellion  
  26  3:13  SCV  
  27  3:21  Marine, Supply Depot  
  27  3:25  SCV  
  29  3:31  Hellion  
  31  3:42  SCV, Starport  
  31  3:43  Barracks Reactor  
  32  3:52  Factory Tech Lab  
  32  3:54  SCV  
  33  4:06  SCV  
  34  4:15  Barracks Reactor  
  34  4:21  SCV, Cyclone  
  34  4:22  Starport Tech Lab  
  38  4:33  SCV  
  39  4:40  Refinery  
  39  4:45  SCV  
  40  4:49  Raven  
  40  4:51  Orbital Command  
  40  4:53  Marine x2  
  40  4:57  SCV  
  43  5:09  SCV  
  43  5:10  Marine  
  43  5:11  Siege Tank, Marine  
  43  5:18  SCV  
  38  5:21  SCV  
  38  5:28  Marine x2  
  38  5:31  SCV  
  38  5:33  SCV  
  42  5:40  Raven  
  44  5:43  SCV  
  44  5:45  SCV  
  44  5:46  Marine x2  
  44  5:47  Refinery, Supply Depot  
  48  5:55  SCV  
  48  5:56  Siege Tank  
  52  5:57  SCV  
  52  6:01  Supply Depot  
  53  6:04  Marine  
  53  6:08  SCV, Marine  
  53  6:10  SCV  
  53  6:11  Supply Depot  
  57  6:21  SCV  
  57  6:22  SCV  
  59  6:28  Siege Tank  
  62  6:34  Viking x2  
  62  6:35  Marine  
  62  6:36  Supply Depot  
  62  6:37  Stimpack  
  62  6:38  SCV  
  68  6:40  SCV  
  69  6:50  SCV  
  69  6:53  SCV, Marine  
  72  6:58  Supply Depot  
  72  7:00  Siege Tank  
  75  7:04  Viking x2  
  75  7:06  Supply Depot  
  79  7:09  SCV  
  79  7:10  SCV  
  79  7:11  Marine  
  82  7:23  SCV x2  
  82  7:29  Marine  
  84  7:32  Siege Tank  
  84  7:34  Viking x2  
  92  7:46  Command Center  
  92  7:47  Marine  
  93  8:03  SCV  
  93  8:04  Viking x2, SCV, Siege Tank  
  102  8:24  Marine  
  75  8:34  Viking x2  
  75  8:36  Siege Tank  
  75  8:37  Combat Shield  
  75  8:40  Barracks x2, SCV x2  
  82  8:42  Marine  
  83  8:52  SCV  
  83  8:53  SCV  
  83  8:55  Engineering Bay x2  
  85  9:03  Marine  
  85  9:04  Orbital Command  
  85  9:05  SCV x2  
  88  9:10  Siege Tank  
  91  9:17  Barracks  
  91  9:19  SCV  
  91  9:20  Barracks  
  92  9:28  Barracks Reactor x2  
  92  9:29  SCV  
  92  9:30  SCV  
  94  9:32  SCV  
  94  9:36  Refinery, Terran Infantry Armor Level 1  
  95  9:39  Terran Infantry Weapons Level 1  
  95  9:43  Marine  
  95  9:44  Siege Tank  
  99  9:52  Supply Depot x2  
  99  9:54  SCV x3  
  102  10:01  Marine  
  102  10:02  Supply Depot  
  102  10:03  Supply Depot  
  102  10:05  Marine  
  102  10:06  Barracks Reactor x2, Marine x3  
  107  10:08  Medivac  
  107  10:11  Medivac  
  111  10:18  Marine  
  112  10:22  Siege Tank  
  112  10:23  Marine x2  
  112  10:24  Marine x2  
  119  10:32  Supply Depot  
  119  10:33  Armory  
  118  10:36  Marine  
  118  10:38  Medivac  
  118  10:41  Marine x3, Medivac  
  118  10:42  Marine  
  127  10:45  Marine x4  
  131  10:54  Marine, Command Center  
  132  10:57  Siege Tank  
  132  10:59  Marine x2  
  132  11:00  Marine x2  
  132  11:03  Marine x2  
  141  11:04  Supply Depot  
  141  11:07  Supply Depot  
  141  11:09  Marine x2  
  143  11:12  Marine  
  143  11:17  Marine  
  145  11:18  Sensor Tower  
  145  11:19  Marine  
  145  11:20  Marine x3  
  145  11:21  Marine  
  145  11:25  Terran Vehicle Weapons Level 1  
  150  11:27  Marine x2  
  150  11:30  Marine  
  153  11:34  Terran Infantry Weapons Level 2  
  150  11:43  Marine x6  
  150  11:45  Siege Tank, Marine x2  
  160  11:47  Marine  
  160  11:50  Liberator  
  160  11:51  Liberator  
  167  11:59  Sensor Tower  
  167  12:01  Marine  
  167  12:05  Marine x8  
  176  12:19  Marine  
  162  12:23  Marine x2  
  162  12:25  Siege Tank  
  162  12:26  Marine  
  162  12:27  Marine x5  
  173  12:30  Planetary Fortress  
  173  12:36  Marine, Sensor Tower  
  173  12:57  Siege Tank  
  164  13:09  Marine x4  
  164  13:11  Marine  
  164  13:12  Marine  
  157  13:24  Command Center  
  154  13:29  Siege Tank  
  150  13:39  Marine x7  
  140  13:46  Viking x2, Command Center  
  140  13:47  Marine x2  
  142  13:50  Terran Infantry Armor Level 2  
  142  13:51  Command Center  
  142  13:56  Marine  
  142  13:57  Marine x6  
  131  14:05  Marine x2  
  122  14:14  Marine x2  
  122  14:15  Marine x5  
  123  14:23  Marine x2  
  117  14:32  Marine x7  
  117  14:34  Siege Tank  
  127  14:41  Marine x2  
  128  14:50  Marine x7  
  135  14:58  Marine  
  135  14:59  Marine  
  137  15:08  Marine x7  
  144  15:16  Marine x2  
  146  15:25  Marine  
  146  15:26  Marine x6  
  153  15:33  Planetary Fortress  
  153  15:34  SCV  
  153  15:35  SCV x2  
  155  15:37  Marine x2  
  146  15:45  Siege Tank  
  146  15:47  SCV  
  126  15:53  Marine  
  126  15:54  Marine x3  
  125  16:06  Terran Infantry Weapons Level 3  
  125  16:12  Marine x5  
  125  16:17  Siege Tank  
  130  16:20  Medivac  
  130  16:22  Medivac  
  134  16:32  Marine x4  
  138  16:35  Marine  
  139  16:43  Marine  
  139  16:44  Marine  
  141  16:49  Siege Tank  
  141  16:51  Viking  
  146  16:56  Marine x5  
  151  17:02  Viking  
  151  17:08  Marine x4  
  157  17:20  Refinery x2  
  140  17:28  Marine x6  
  125  17:33  Siege Tank  
  124  17:46  Marine  
  124  17:47  Marine x6  
  131  17:55  Marine x2  
  133  18:04  Marine x2  
  135  18:12  Viking x2  
  138  18:16  Marine x5  
  143  18:24  Siege Tank  
  146  18:28  Marine  
  146  18:29  Marine x2  
  146  18:31  Marine  
  150  18:42  Sensor Tower  
  139  19:02  Marine x5  
  138  19:03  Marine x4  
  146  19:14  Medivac  
  144  19:18  Medivac  
  144  19:20  Marine  
  144  19:21  Marine  
  144  19:24  Marine  
  148  19:26  Marine  
  150  19:38  Marine x5  
  125  19:53  Marine  
  125  19:54  Marine x3  
  125  19:55  Marine  
  121  20:05  Siege Tank  
  115  20:16  Viking  
  117  20:24  Marine  
  117  20:25  Marine x2  
  115  20:50  Siege Tank  
  115  20:55  Marine  
  115  20:56  Marine x4  
  121  21:14  Viking  
Show
View Real Time Build Order
Export as new Build Order

ByuN Terran - Winner!

Build Orders:  

Get SALT Encoding   

  12  0:00  SCV  
  13  0:13  Supply Depot  
  13  0:20  SCV  
  14  0:35  Barracks  
  14  0:40  Refinery  
  14  0:53  Barracks  
  14  0:58  SCV  
  15  1:10  SCV  
  16  1:23  Reaper  
  16  1:24  Orbital Command  
  17  1:32  Refinery  
  17  1:40  Reaper  
  18  1:48  Supply Depot  
  18  1:51  SCV  
  19  1:58  Reaper  
  20  2:04  SCV  
  21  2:12  Reaper  
  22  2:16  SCV  
  23  2:28  SCV  
  24  2:30  Reaper  
  25  2:40  SCV  
  25  2:42  Factory  
  26  2:50  Reaper  
  26  2:52  SCV  
  27  3:03  Supply Depot  
  27  3:04  SCV  
  27  3:05  Reaper  
  29  3:16  SCV  
  30  3:24  Reaper  
  30  3:27  Factory Tech Lab  
  31  3:28  SCV  
  31  3:31  Command Center  
  32  3:39  Supply Depot  
  32  3:40  SCV  
  33  3:45  Cyclone  
  36  3:49  Starport  
  36  3:54  SCV  
  37  4:06  SCV  
  37  4:18  SCV, Cyclone  
  41  4:28  Starport Tech Lab  
  41  4:30  SCV  
  42  4:33  Refinery  
  42  4:43  Orbital Command, SCV  
  43  4:53  Raven  
  43  4:55  SCV  
  46  5:01  Command Center  
  46  5:07  SCV  
  46  5:10  SCV  
  46  5:12  Barracks  
  46  5:14  Barracks Reactor  
  44  5:19  SCV  
  42  5:22  SCV  
  42  5:27  Siege Tank  
  46  5:30  Supply Depot  
  46  5:31  SCV  
  46  5:34  SCV  
  48  5:40  Raven  
  50  5:43  SCV  
  50  5:46  Barracks  
  50  5:47  SCV  
  50  5:48  Refinery  
  52  5:50  Marine  
  52  5:52  Marine  
  52  5:55  SCV  
  55  5:59  Barracks Tech Lab, SCV  
  55  6:03  Siege Tank  
  59  6:07  SCV  
  59  6:08  Marine  
  59  6:10  Marine  
  61  6:14  Orbital Command  
  61  6:20  Marine, Stimpack  
  61  6:23  SCV  
  61  6:24  SCV  
  64  6:26  Marine  
  64  6:28  Marine  
  66  6:35  Engineering Bay x2, Starport Reactor  
  66  6:38  SCV x2, Marine  
  69  6:41  SCV  
  69  6:43  Marine  
  69  6:45  Marine  
  72  6:50  SCV x2  
  72  6:53  SCV, Supply Depot  
  72  6:54  Marine  
  76  6:55  Combat Shield  
  76  6:56  Marine  
  76  6:59  Siege Tank  
  80  7:01  Marine  
  80  7:02  SCV  
  80  7:03  Marine  
  80  7:04  Terran Infantry Armor Level 1, Terran Infantry Weapons Level 1  
  80  7:07  SCV x2  
  85  7:14  SCV  
  85  7:15  Refinery, Medivac x2  
  90  7:18  Marine x2  
  90  7:19  Marine  
  93  7:24  Marine, SCV x2, Supply Depot  
  93  7:27  SCV  
  97  7:35  Barracks  
  97  7:36  SCV  
  96  7:37  Barracks  
  96  7:44  Marine x4  
  94  7:46  Siege Tank  
  94  7:50  Medivac x2  
  105  7:56  SCV x2  
  105  7:57  SCV  
  108  8:01  Marine  
  109  8:10  Marine x3  
  109  8:14  Supply Depot x2  
  109  8:15  Supply Depot  
  109  8:16  Supply Depot  
  109  8:22  Marine  
  109  8:23  Siege Tank  
  109  8:24  SCV x2  
  109  8:26  SCV  
  85  8:28  Marine x2  
  69  8:36  SCV x2  
  69  8:37  Marine  
  69  8:38  SCV  
  69  8:40  Marine  
  74  8:42  Barracks Reactor x2  
  74  8:48  SCV x2  
  73  8:50  SCV  
  73  8:51  Marine, Medivac x2  
  73  8:53  Marine  
  81  9:00  SCV, Marine x2  
  84  9:04  SCV x2  
  84  9:09  Marine  
  87  9:11  Marine  
  87  9:12  SCV, Armory  
  87  9:16  SCV  
  90  9:19  Marine x2  
  82  9:26  Marine x4  
  82  9:27  SCV x2, Marine  
  82  9:28  SCV  
  82  9:29  Marine  
  91  9:36  Medivac x2  
  91  9:37  Marine x2  
  97  9:39  SCV x2  
  97  9:41  SCV  
  97  9:44  Marine  
  101  9:51  SCV  
  101  9:52  SCV  
  103  9:53  Marine  
  103  9:54  Marine x4  
  103  9:55  Marine x2  
  110  10:00  Siege Tank  
  110  10:02  Marine  
  110  10:03  Command Center  
  110  10:05  Terran Infantry Armor Level 2  
  110  10:06  Terran Infantry Weapons Level 2  
  114  10:12  Factory  
  114  10:18  Marine x2  
  114  10:19  Marine x6  
  121  10:27  Supply Depot x2  
  121  10:31  Medivac x2  
  125  10:36  Marine  
  125  10:37  Marine  
  125  10:38  Marine x6  
  133  10:43  SCV x3  
  133  10:48  Missile Turret  
  136  10:50  Siege Tank  
  136  10:54  Marine  
  136  10:55  Marine  
  136  10:56  Factory Tech Lab  
  141  11:00  Marine, Terran Vehicle Weapons Level 1  
  141  11:01  Medivac x2, Marine x3  
  141  11:03  Marine  
  141  11:04  Marine  
  151  11:12  Marine  
  151  11:13  Marine  
  151  11:14  Planetary Fortress  
  151  11:18  Sensor Tower  
  153  11:21  SCV x2  
  153  11:22  SCV  
  153  11:23  Barracks  
  156  11:28  Barracks, Siege Tank  
  156  11:31  Barracks, Marine x6  
  156  11:32  Marine x2  
  162  11:44  Missile Turret  
  162  11:45  Missile Turret  
  162  11:48  Marine  
  162  11:49  Siege Tank, Marine x6  
  172  11:54  Supply Depot  
  172  11:55  Marine  
  172  12:00  Siege Tank  
  176  12:06  Marine  
  176  12:07  Marine x2  
  176  12:08  Sensor Tower  
  179  12:11  Marine  
  180  12:15  Marine x2  
  180  12:21  Siege Tank  
  188  12:28  Barracks Reactor x2  
  188  12:29  Barracks Reactor  
  185  12:30  Missile Turret x2  
  185  12:32  Siege Tank, Missile Turret  
  188  12:50  Marine x2  
  173  12:53  Siege Tank  
  173  12:55  Marine  
  173  12:56  Marine x5  
  176  12:59  Terran Infantry Armor Level 3  
  176  13:04  Siege Tank  
  166  13:07  Marine  
  166  13:08  Marine  
  166  13:12  Marine  
  159  13:13  Marine x2  
  159  13:14  Marine x8  
  159  13:16  Marine  
  164  13:25  Siege Tank, Marine x2  
  154  13:30  Marine x2  
  154  13:31  Marine x2  
  154  13:32  Marine x3  
  154  13:33  Marine x2  
  154  13:34  Marine x2  
  163  13:36  Siege Tank, Marine  
  163  13:37  Command Center  
  151  13:43  Marine x2  
  151  13:44  Medivac  
  151  13:45  Medivac  
  151  13:48  Marine x2  
  157  13:49  Marine  
  157  13:55  Marine  
  161  13:56  Marine  
  161  13:57  Marine  
  161  13:58  Siege Tank  
  161  13:59  Marine  
  161  14:00  Marine  
  161  14:01  Marine  
  139  14:03  Marine  
  139  14:08  Siege Tank  
  139  14:09  Marine x2  
  139  14:11  Marine  
  139  14:14  Medivac, Marine x2  
  139  14:15  Marine x2, Medivac  
  140  14:17  Marine  
  140  14:18  Marine  
  140  14:19  Marine x2  
  144  14:27  Marine x2  
  144  14:28  Marine x3  
  144  14:30  Siege Tank  
  144  14:32  Marine x2  
  144  14:37  Marine  
  144  14:38  Marine x4  
  146  14:44  Marine, Medivac  
  146  14:45  Marine x3, Medivac  
  149  14:46  Marine x2  
  149  14:50  Siege Tank  
  155  14:53  Planetary Fortress  
  155  14:57  SCV x3  
  158  15:09  SCV  
  159  15:18  Marine x2  
  159  15:19  Marine x2  
  159  15:20  Viking  
  159  15:21  Viking, Marine x7  
  167  15:23  Marine x2  
  176  15:34  Terran Infantry Weapons Level 3  
  176  15:39  Marine  
  173  15:44  Marine  
  173  15:47  Marine x2  
  173  15:48  Marine x6  
  173  15:49  Marine x2  
  174  15:50  Viking  
  174  15:51  Viking, Marine  
  174  15:52  Marine  
  174  15:56  Marine  
  177  16:02  Marine  
  166  16:04  Marine  
  166  16:05  Marine  
  166  16:06  Marine x6  
  174  16:20  Viking x2  
  174  16:21  Marine x3  
  174  16:22  Marine  
  174  16:23  Marine x4  
  174  16:24  Marine  
  187  16:49  Marine x8  
  187  16:50  Marine, Medivac x2  
  200  17:02  Starport x2  
  189  17:24  Siege Tank x2  
  189  17:25  Marine x8  
  189  17:26  Marine  
  189  17:27  Marine  
  189  17:28  Marine  
  189  17:29  Marine x2  
  183  17:32  Medivac x2  
  183  17:33  Marine  
  188  17:43  Marine x7  
  186  17:44  Marine  
  186  17:47  Marine x3  
  186  17:48  Marine  
  186  17:49  Marine  
  190  17:51  Marine  
  190  17:56  Siege Tank x2  
  199  18:01  Marine  
  199  18:08  Marine x4  
  199  18:09  Marine  
  199  18:10  Marine x5  
  199  18:11  Viking  
  199  18:12  Starport Reactor  
  199  18:13  Starport Reactor  
  199  18:19  Marine x4  
  196  18:23  Command Center x2  
  196  18:25  Refinery  
  196  18:26  Refinery, Marine x2  
  200  18:44  Marine  
  192  18:49  Siege Tank  
  192  18:54  Viking  
  184  18:56  Siege Tank  
  184  19:00  Marine x2  
  184  19:01  Marine  
  171  19:04  Marine  
  171  19:05  Marine x7  
  171  19:06  Viking x2  
  171  19:07  Marine x3  
  174  19:18  Marine x2  
  174  19:19  Marine  
  174  19:21  Siege Tank  
  174  19:22  Marine  
  174  19:23  Marine x7  
  188  19:25  Marine  
  188  19:28  Sensor Tower  
  189  19:34  Medivac x2  
  189  19:37  Viking x2  
  197  19:49  Marine x7  
  197  19:51  Marine x2  
  190  19:56  Marine  
  190  19:59  Marine  
  186  20:05  Medivac x2  
  186  20:07  Viking  
  188  20:11  Orbital Command  
  190  20:17  Siege Tank  
  190  20:19  Siege Tank  
  190  20:25  Viking  
  192  20:31  Viking  
  192  20:58  Siege Tank  
  192  20:59  Siege Tank  
  188  21:17  Marine  
  188  21:18  Marine x13  

Tags
 
Add a new tag
Caveats
  • Supply blocks, unpowered buildings, or Contaminate may cause inaccurate times.
  • Supply counts are checked every 10 seconds.